 Dungeon Crawl Stone Soup version 0.17-a0-2147-gfb20a63 (webtiles) character file.

2654 Ijustatesigmund the Covert (level 9, -2/55 HPs)
             Began as an Octopode Wizard on Oct 24, 2015.
             Was a Follower of Cheibriados.
             Slain by an unseen horror (9 damage)
             ... on level 7 of the Dungeon.
             The game lasted 00:43:00 (11522 turns).

Ijustatesigmund the Covert (Octopode Wizard)       Turns: 11522, Time: 00:43:00

Health: -2/55      AC:  5    Str: 10      XL:     9   Next: 62%
Magic:  1/14       EV: 13    Int: 26      God:    Cheibriados [*.....]
Gold:   352        SH:  0    Dex: 10 (13) Spells: 4 memorised, 7 levels left

rFire  . . .     SeeInvis .     f - +1 dagger
rCold  . . .     Clarity  .     (no shield)
rNeg   . . .     SustAt   .     a - +1 hat
rPois  .         Gourm    .     (no amulet)
rElec  .         Spirit   .     g - +3 ring of protection
rCorr  .         Warding  .     (no ring)
rMut   .         Stasis   .     (no ring)
MR     .....                    (no ring)
Stlth  +++++.....               (no ring)
                                (no ring)
                                (no ring)
                                (no ring)

@: repel missiles, very slow, not resistant to hostile enchantments, quite
stealthy
A: almost no armour, amphibious, 8 rings, constrict 8, camouflage 1, gelatinous
body 1
a: Bend Time, Renounce Religion


You were on level 7 of the Dungeon.
You worshipped Cheibriados.
Cheibriados was aware of your devotion.
You were not hungry.

You visited 2 branches of the dungeon, and saw 8 of its levels.

You collected 352 gold pieces.

Inventory:

Hand Weapons
 f - a +1 dagger (weapon)
Armour
 a - a +1 hat (worn)
Jewellery
 g - a +3 ring of protection (left tentacle)
Scrolls
 h - a scroll of fog
 m - 2 scrolls of remove curse
 o - a scroll of identify
 r - 2 scrolls of enchant weapon
Potions
 c - a potion of berserk rage {unknown}
 e - a potion of lignification {unknown}
 i - a potion of heal wounds {unknown}
 p - a potion of brilliance
 q - 2 potions of cancellation
 s - a potion of cure mutation {unknown}
 v - a potion of haste {unknown}
Books
 b - a book of Minor Magic

   Spells                             Type                      Level
   a - Magic Dart                     Conjuration                  1
   b - Blink                          Translocation                2
   c - Call Imp                       Summoning                    2
   d - Repel Missiles                 Charms/Air                   2
   e - Slow                           Hexes                        2
   f - Conjure Flame                  Conjuration/Fire             3
   g - Mephitic Cloud                 Conjuration/Poison/Air       3
 u - a book of Unlife

   Spells                             Type                      Level
   a - Recall                         Summoning/Translocation      3
   b - Animate Dead                   Necromancy                   4
   c - Control Undead                 Necromancy                   4
   d - Cigotuvi's Embrace             Necromancy                   5
   e - Death Channel                  Necromancy                   6
   f - Simulacrum                     Ice/Necromancy               6
Comestibles
 k - a meat ration


   Skills:
 - Level 2.5 Fighting
 - Level 3.3 Short Blades
 - Level 4.0 Dodging
 - Level 8.3 Stealth
 + Level 3.7 Spellcasting
 + Level 7.0 Conjurations
   Level 1.0 Summonings
 - Level 3.1 Translocations
 - Level 2.6 Air Magic
 - Level 2.2 Poison Magic
 + Level 4.7 Invocations


You had 7 spell levels left.
You knew the following spells:

 Your Spells              Type           Power        Failure   Level  Hunger
a - Magic Dart            Conj           ####         1%          1    None
b - Blink                 Tloc           N/A          3%          2    #......
c - Repel Missiles        Chrm/Air       ##....       10%         2    #......
d - Mephitic Cloud        Conj/Pois/Air  ####....     8%          3    ##.....


Dungeon Overview and Level Annotations

Branches:
Dungeon (7/15)             Temple (1/1) D:6

Altars:
Cheibriados
Dithmenos
Elyvilon
Fedhas
Kikubaaqudgha
Okawaru
Ru
Sif Muna
Trog
Vehumet
Xom
Yredelemnul
Zin


Innate Abilities, Weirdness & Mutations

You cannot wear most types of armour.
You are amphibious.
You can wear up to eight rings at the same time.
You can use your tentacles to constrict eight enemies at once.
Your skin changes colour to match your surroundings (Stealth).
Your rubbery body absorbs attacks (AC +1).


Message History

Casting: Blink
Confirm with . or Enter, or press ? or * to list all spells.
Aiming: Mephitic Cloud
Press: ? - help, Shift-Dir - straight line The ball explodes into a vile cloud!
Something hits you.
* * * LOW HITPOINT WARNING * * *
Read which item? (? for menu, Esc to quit)
As you read the scroll of fog, it crumbles to dust.
The scroll dissolves into smoke.
Something barely misses you.
Drink which item? (? for menu, Esc to quit)
You feel better. Something hits you.
You barely miss something. Your squeeze misses something.
Something completely misses you. Something hits you!
* * * LOW HITPOINT WARNING * * *
Something hits you but does no damage. Something hits you but does no damage.
You closely miss something. Something barely misses you.
You hit something but do no damage. Something hits you!
You die...

#... # ........# #.+...
####
........###.#...######...
........... .........(...
#.........#.##.#..##.#...
.........#.##.......#...
...............####...
##......##....####.#.
#.§§@#..##..#........
#..§{#..##.........#.
#.§§§§§)##.##......#.
#...#...##.##.##.....
#...#§.§##.....(.#§##
######....###.####§..
#..#.# #.######'
#..#.###........
#...............


There were no monsters in sight!

Vanquished Creatures
  2 kobold demonologists (D:6)
  A hippogriff (D:7)
  A sky beast (D:6)
  A water moccasin (D:6)
  An orc warrior (D:6)
  An ice beast (D:5)
  An ogre (D:6)
  2 centaurs
  3 big kobolds (D:6)
  2 giant frogs
  A water moccasin zombie (D:6)
  A scorpion (D:4)
  4 crimson imps
  3 orc priests
  A hound (D:7)
  A jelly (D:7)
  Crazy Yiuf (D:6)
  5 orc wizards
  5 worker ants
  An iguana (D:4)
  A gnoll (D:5)
  11 adders
  A shadow imp (D:5)
  2 worms
  An adder skeleton (D:5)
  An adder zombie (D:7)
  3 giant geckos
  37 orcs
  4 ball pythons
  8 bats
  7 giant cockroaches
  11 hobgoblins
  24 jackals
  8 kobolds
  11 quokkas
  5 giant newts
  8 goblins
  2 quokka skeletons
  8 rats
191 creatures vanquished.

Notes
Turn   | Place    | Note
--------------------------------------------------------------
     0 | D:1      | Ijustatesigmund the Octopode Wizard began the quest for the Orb.
     0 | D:1      | Reached XP level 1. HP: 11/11 MP: 4/4
   133 | D:1      | Reached XP level 2. HP: 4/17 MP: 0/6
   377 | D:1      | Learned a level 2 spell: Blink
   380 | D:1      | Learned a level 2 spell: Repel Missiles
   898 | D:1      | Reached XP level 3. HP: 21/21 MP: 1/7
   955 | D:1      | Learned a level 3 spell: Mephitic Cloud
  1389 | D:1      | Reached skill level 4 in Stealth
  1684 | D:2      | Reached skill level 1 in Short Blades
  1862 | D:2      | Reached XP level 4. HP: 14/27 MP: 0/8
  2751 | D:2      | Reached skill level 1 in Air Magic
  2763 | D:2      | Reached skill level 1 in Poison Magic
  3405 | D:2      | Reached XP level 5. HP: 17/31 MP: 3/9
  4068 | D:3      | Reached skill level 5 in Stealth
  4068 | D:3      | Reached XP level 6. HP: 29/36 MP: 4/10
  4733 | D:5      | Entered Level 5 of the Dungeon
  4821 | D:4      | Reached skill level 1 in Fighting
  5194 | D:4      | Reached XP level 7. HP: 43/43 MP: 2/11
  5610 | D:4      | Reached skill level 6 in Stealth
  6460 | D:5      | HP: 1/45 [ice beast (11)]
  7338 | D:6      | Reached XP level 8. HP: 47/51 MP: 12/12
  7394 | D:6      | Reached skill level 7 in Stealth
  7997 | D:6      | Found a staircase to the Ecumenical Temple.
  8018 | Temple   | Entered the Ecumenical Temple
  8053 | Temple   | Became a worshipper of Cheibriados the Contemplative
  8112 | D:6      | Reached skill level 5 in Conjurations
  8518 | D:6      | Found a radiant altar of Vehumet.
  8551 | D:6      | Reached skill level 8 in Stealth
  8734 | D:6      | Noticed a kobold demonologist
  8982 | D:6      | Reached skill level 1 in Invocations
  8985 | D:6      | Noticed a kobold demonologist
  8997 | D:6      | Killed a kobold demonologist
  8997 | D:6      | Reached XP level 9. HP: 51/55 MP: 1/13
  9002 | D:6      | Killed a kobold demonologist
  9004 | D:6      | Reached * piety under Cheibriados
  9096 | D:6      | Noticed Crazy Yiuf
  9114 | D:6      | Killed Crazy Yiuf
  9606 | D:7      | HP: 1/55 [centaur/arrow (11)]
 10883 | D:7      | HP: 1/55 [something (11)]
 11522 | D:7      | Slain by an unseen horror

Vault maps used:
D:1:      moated_graveyard_arrival, minmay_shallow_snake_nest
D:2:      first_bread, guppyfry_early_orc_mine
D:3:      minivault_4
D:6:      kennysheep_mini, minmay_temple_entry_butterflies,
          uniq_crazy_yiuf_cottage
D:7:      serial_shops, shop
Temple:   grunt_circular_temple_18

Action                   |  1- 3 |  4- 6 |  7- 9 || total
-------------------------+-------+-------+-------++-------
Melee: Unarmed           |    11 |       |       ||    11
       Dagger            |    26 |   101 |   185 ||   312
 Cast: Magic Dart        |    89 |   143 |   205 ||   437
       Repel Missiles    |     1 |     1 |     3 ||     5
       Mephitic Cloud    |       |    10 |    32 ||    42
       Blink             |       |     2 |    20 ||    22
Invok: Bend Time         |       |       |     1 ||     1
  Use: Scroll            |     4 |     6 |     9 ||    19
       Potion            |       |       |     8 ||     8
 Stab: Sleeping          |     2 |     9 |     9 ||    20
       Confused          |       |     2 |     3 ||     5
  Eat: Chunk             |     2 |     2 |     5 ||     9
       Bread ration      |       |     2 |     1 ||     3
       Pizza             |       |       |     3 ||     3
       Meat ration       |       |       |     1 ||     1
